 Dungeon Crawl Stone Soup version 0.15.2 (webtiles) character file.

39 Heini the Skirmisher (level 3, 0/34 HPs)
             Began as a Minotaur Fighter on Jan 31, 2015.
             Killed from afar by Terence (3 damage)
             ... with a wand of magic darts
             ... on Level 2 of the Dungeon.
             The game lasted 00:02:51 (1486 turns).

Heini the Skirmisher (Minotaur Fighter)             Turns: 1486, Time: 00:02:52

HP   0/34        AC  7     Str 21      XL: 3   Next: 26%
MP   2/2         EV  6     Int  5      God:
Gold 66          SH  9     Dex  9      Spells:  0 memorised,  2 levels left

rFire  . . .     SeeInvis .     a - +0 flail
rCold  . . .     Clarity  .     b - +0 scale mail
rNeg   . . .     rCorr    .     c - +0 shield
rPois  .         rRot     .     (helmet restricted)
rElec  .         Spirit   .     (no cloak)
SustAb .         Warding  .     (no gloves)
rMut   .         Stasis   .     (no boots)
Gourm  .                        (no amulet)
MR     .....                    (no ring)
                                (no ring)

@: not resistant to hostile enchantments, extremely unstealthy
A: retaliatory headbutt, horns 2
a: no special abilities


You were on level 2 of the Dungeon.
You were not hungry.

You visited 1 branch of the dungeon, and saw 2 of its levels.

You collected 66 gold pieces.

Inventory:

Hand weapons
 a - a +0 flail (weapon)
Armour
 b - a +0 scale mail (worn)
 c - a +0 shield (worn)
Magical devices
 q - a wand of magic darts (18)
Comestibles
 d - 2 bread rations
 n - 2 slices of pizza
 r - a beef jerky
 s - 3 fruits
 t - a rotting chunk of goblin flesh
Scrolls
 f - a scroll of teleportation {unknown}
 g - a scroll of amnesia {unknown}
 h - 4 scrolls of identify {unknown}
 i - a scroll of enchant weapon {unknown}
 k - 2 scrolls of remove curse {unknown}
 l - a scroll of immolation {unknown}
 o - a scroll of noise {unknown}
 p - a scroll of magic mapping {unknown}
 u - a scroll of recharging {unknown}
Potions
 e - a potion of might
 j - a potion of confusion {unknown}
 m - a potion of degeneration {unknown}


   Skills:
 * Level 4.4 Fighting
 * Level 2.9 Maces & Flails
 * Level 4.3 Armour
 - Level 3.6 Shields


You had 2 spell levels left.
You didn't know any spells.

Dungeon Overview and Level Annotations

Branches:
Dungeon (2/15)

Altars:
Ashenzari
Sif Muna
Vehumet

Annotations:
D:2 Terence


Innate Abilities, Weirdness & Mutations

You reflexively headbutt those who attack you in melee.
You have a pair of horns on your head.


Message History

Found a stone staircase leading down.
There is a stone staircase leading down here.
Found a shattered altar of Ashenzari.
Terence the Incautious comes into view.
He is wielding a hand axe.
Terence shouts!
Terence zaps a wand.
The magic dart hits you!
You barely miss Terence. Your headbutt misses Terence.
Terence zaps a wand.
The magic dart hits you!
Terence zaps a wand.
The magic dart hits you!
You hit Terence but do no damage.
Terence zaps a wand.
The magic dart hits you!
* * * LOW HITPOINT WARNING * * *
You are too injured to fight recklessly!
Terence zaps a wand.
The magic dart hits you!
* * * LOW HITPOINT WARNING * * *
Terence zaps a wand.
The magic dart hits you!
* * * LOW HITPOINT WARNING * * *
Terence zaps a wand.
The magic dart hits you!
Terence zaps a wand.
The magic dart hits you!
* * * LOW HITPOINT WARNING * * *
Terence zaps a wand.
The magic dart hits you!
You die...

..##...#....### #.# #.# #..
....%.......#
#.###.###########
.##...#######
#..##.##......... .######
##.##.##.#######. .#
#..#............ .#
##.#.##.#######. ##
##############.#.##.# #. #
#...........#.....#.# ## #
#.#########@#.....#.#
#.##..@...#.#.......# #.#
#.#...###.#.#......## #.#
#####.#...# #.#.#...>..# #.#
#.....#...###@#.#......# .
#.#
##.#####...#...#.#......# .
#.# ...#
#...#.###@#......##. #.#
##...._....#.###.#......#..
#.#
.#.#####...#.@...#......#.##
#.#


You could see Terence.

Vanquished Creatures
  A worm (D:1)
  4 bats
  10 goblins
  4 hobgoblins
  5 kobolds
  A ball python (D:1)
  5 giant newts
  7 rats
37 creatures vanquished.

Notes
Turn   | Place    | Note
--------------------------------------------------------------
     0 | D:1      | Heini, the Minotaur Fighter, began the quest for the Orb.
     0 | D:1      | Reached XP level 1. HP: 19/19 MP: 1/1
   127 | D:1      | Reached skill level 4 in Fighting
   176 | D:1      | Reached XP level 2. HP: 27/27 MP: 1/1
   720 | D:1      | Reached XP level 3. HP: 17/34 MP: 2/2
   950 | D:2      | Found a radiant altar of Vehumet.
  1365 | D:2      | Found a deep blue altar of Sif Muna.
  1414 | D:2      | Found a shattered altar of Ashenzari.
  1457 | D:2      | Noticed Terence
  1486 | D:2      | Killed from afar by Terence

Action                   || total
-------------------------++-------
Melee: Flail             ||    83
  Eat: Chunk             ||     2
